 Dungeon Crawl Stone Soup version 0.27-a0-1202-ge72e49191c (webtiles) character file.

Game seed: 4859625809282846334

135997 Mesmaeker13 the Tortoise (level 17, -9/142 HPs)
             Began as a Formicid Fighter on June 3, 2021.
             Was the Champion of Nemelex Xobeh.
             Mangled by a bog body (21 damage)
             ... on level 4 of the Swamp on June 4, 2021.
             The game lasted 01:04:43 (39468 turns).

Mesmaeker13 the Tortoise (Formicid Fighter)        Turns: 39468, Time: 01:04:45

Health: -9/142     AC: 27    Str: 30    XL:     17   Next: 79%
Magic:  0/26       EV:  9    Int:  8    God:    Nemelex Xobeh [******]
Gold:   2050       SH: 14    Dex: 12    Spells: 16/16 levels left

rFire    . . .     SeeInvis +   N - +1 bardiche (vorpal)
rCold    . . .     Faith    .   D - +0 kite shield {AC+3}
rNeg     . . .     Spirit   +   f - +1 chain mail {rPois}
rPois    +         Reflect  .   (helmet unavailable)
rElec    .         Harm     .   (no cloak)
rCorr    +         Rampage  .   u - +1 pair of gloves "Ixkion Doe" {rCorr Int-4 Dex+2}
Will     +....                  c - +1 pair of boots
Stlth    ..........             I - amulet of guardian spirit
HPRegen  0.33/turn              w - +4 ring of protection
MPRegen  0.20/turn              g - +6 ring of strength

@: no status effects
A: permanent stasis, dig shafts and tunnels, antennae 3, four strong arms
a: Dig, Shaft Self, Renounce Religion, Draw Escape, Draw Destruction, Draw
Summoning, Triple Draw, Deal Four, Stack Five


You were on level 4 of the Swamp.
You worshipped Nemelex Xobeh.
Nemelex Xobeh was exalted by your worship.
You visited 5 branches of the dungeon, and saw 28 of its levels.

You collected 2572 gold pieces.
You spent 522 gold pieces at shops.

Inventory:

Hand Weapons
 a - a +4 vampiric trident
 N - a +1 vorpal bardiche (weapon)
Missiles
 L - 6 curare-tipped darts (quivered)
Armour
 c - a +1 pair of boots (worn)
 f - a +1 chain mail of poison resistance (worn)
 r - a +0 plate armour of fire resistance
 u - the +1 pair of gloves "Ixkion Doe" (worn) {rCorr Int-4 Dex+2}
   (You bought it in a shop on level 12 of the Dungeon)

   It affects your intelligence (-4).
   It affects your dexterity (+2).
   It protects you from acid and corrosion.
 D - a +0 kite shield of protection (worn)
Jewellery
 g - a +6 ring of strength (right hand)
 w - a +4 ring of protection (left hand)
 I - an amulet of guardian spirit (around neck)
 J - a ring of resist corrosion
 K - a ring of ice
Wands
 b - a wand of charming (1)
 i - a wand of iceblast (9)
 j - a wand of paralysis (10)
 m - a wand of flame (18)
 p - a wand of digging (5)
 v - a wand of mindburst (17)
Scrolls
 h - a scroll of holy word
 n - a scroll of identify
 q - a scroll of amnesia
 s - 7 scrolls of enchant armour
 t - a scroll of fear
 x - 5 scrolls of noise
 y - 3 scrolls of fog
 G - a scroll of summoning
 H - 2 scrolls of magic mapping
Potions
 d - a potion of might
 e - a potion of resistance
 k - 4 potions of heal wounds
 l - 10 potions of curing
 o - 3 potions of cancellation
 z - 2 potions of invisibility
 C - 3 potions of flight
 F - 8 potions of ambrosia
Miscellaneous
 B - a condenser vane (inert)


   Skills:
 + Level 15.6 Fighting
 + Level 14.3 Polearms
 + Level 15.6 Armour
 - Level 12.7 Shields
 - Level 13.0 Invocations
 + Level 10.3 Evocations


You had 16 spell levels left.
You didn't know any spells.
Your spell library contained the following spells:

 Spells                   Type           Power      Damage    Failure   Level
 Animate Skeleton         Necr           0%         N/A       80%         1
 Apportation              Tloc           0%         N/A       80%         1
 Beastly Appendage        Tmut           0%         N/A       80%         1
 Corona                   Hex            0%         N/A       80%         1
 Foxfire                  Conj/Fire      0%         2x1d4     80%         1
 Magic Dart               Conj           0%         1d3       80%         1
 Summon Small Mammal      Summ           0%         N/A       80%         1
 Call Imp                 Summ           0%         N/A       90%         2
 Corpse Rot               Necr/Air       N/A        N/A       90%         2
 Ensorcelled Hibernation  Hex/Ice        0%         N/A       90%         2
 Slow                     Hex            0%         N/A       90%         2
 Static Discharge         Conj/Air       0%         N/A       90%         2
 Sublimation of Blood     Necr           0%         N/A       90%         2
 Wereblood                Tmut           0%         N/A       90%         2
 Call Canine Familiar     Summ           0%         N/A       99%         3
 Confusing Touch          Hex            0%         N/A       99%         3
 Conjure Flame            Conj/Fire      0%         6-21      99%         3
 Dazzling Flash           Conj/Hex       0%         N/A       99%         3
 Gell's Gravitas          Tloc           0%         N/A       99%         3
 Inner Flame              Hex/Fire       0%         N/A       99%         3
 Mephitic Cloud           Conj/Pois/Air  0%         N/A       99%         3
 Spider Form              Tmut/Pois      0%         N/A       99%         3
 Summon Guardian Golem    Hex/Summ       0%         N/A       99%         3
 Tukima's Dance           Hex            0%         N/A       99%         3
 Cause Fear               Hex            0%         N/A       100%        4
 Dispel Undead            Necr           0%         3d6       100%        4
 Ice Form                 Ice/Tmut       0%         N/A       100%        4
 Petrify                  Tmut/Erth      0%         N/A       100%        4
 Sticky Flame             Conj/Fire      0%         2d3       100%        4
 Summon Ice Beast         Ice/Summ       0%         N/A       100%        4
 Summon Lightning Spire   Summ/Air       0%         N/A       100%        4
 Agony                    Necr           0%         N/A       100%        5
 Excruciating Wounds      Necr           0%         N/A       100%        5
 Fireball                 Conj/Fire      0%         3d3       100%        5
 Hydra Form               Tmut           0%         N/A       100%        5
 Lightning Bolt           Conj/Air       0%         1d11      100%        5
 Metabolic Englaciation   Hex/Ice        0%         N/A       100%        5
 Silence                  Hex/Air        0%         N/A       100%        5
 Yara's Violent Unravell  Hex/Tmut       0%         3d3       100%        5
 Discord                  Hex            0%         N/A       100%        8
 Ignition                 Fire           0%         3d3       100%        8
 Shatter                  Erth           0%         3d5*      100%        9
 Tornado                  Air            0%         N/A       100%        9
 Blink                    Tloc           Unusable   N/A       N/A         2

Dungeon Overview and Level Annotations

Branches:
Dungeon (15/15)            Temple (1/1) D:7            Lair (6/6) D:11
  Swamp (4/4) Lair:4       Spider (0/4) Lair:4        Slime (0/5) Lair:6
    Orc (2/2) D:10            Elf (0/3) Orc:2        Vaults (0/5) D:13
 Depths (0/5) D:15

Altars:
Ashenzari
Cheibriados
Dithmenos
Elyvilon
Fedhas
Gozag
Hepliaklqana
Kikubaaqudgha
Makhleb
Nemelex Xobeh
Okawaru
Qazlal
Ru
Sif Muna
Trog
Uskayaw
Vehumet
Wu Jian
Xom
Yredelemnul
Zin
The Shining One
Beogh
Jiyva

Shops:
D:1 ?([*   D:3 *   D:4 *   D:6 (   D:12 [   D:13 *   Orc:1 ?   Orc:2 (=:?*

Portals:
Trove: D:15 (give 12 potions of heal wounds)

Annotations:
D:12 3 runed translucent doors, wakim's ghost, journeyman DjCj
Lair:2 exclusion: 3 oklob plants
Swamp:3 3 runed translucent doors, Boczoxzokh's ghost, journeyman DDFi
Swamp:4 4 exclusions


Innate Abilities, Weirdness & Mutations

You cannot be hasted, slowed, berserked, paralysed or teleported.
You can dig through walls and to a lower floor.
You have a pair of large antennae on your head. (SInv)
Your four strong arms can wield two-handed weapons with a shield.


Message History

* * * LOW HITPOINT WARNING * * *
The bog body points at you and mumbles some strange words.
The bolt of cold misses you.
You slice the eleionoma!!
You kill the eleionoma!
The orange demon stings you but does no damage.
The bog body touches you but does no damage.
Unknown command.
The orange demon closely misses you. The bog body completely misses you.
You can't go up here!
Unknown command.
You barely miss the bog body.
The orange demon splashes around in the water.
You block the bog body's attack.
The orange demon splashes around in the water.
Unknown command.
You draw a card...
You have drawn the Swarm.
You block the bog body's attack. You block the orange demon's attack.
Unknown command.
You swap places.
Your killer bee stings the bog body.
Your killer bee stings the bog body but does no damage.
The bog body touches your killer bee. The bog body freezes your killer bee!!
Your killer bee dies!
Your killer bee's corpse disappears in a puff of smoke!
Your killer bee stings the bog body.
Your killer bee stings the bog body!
The bog body touches you.
* * * LOW HITPOINT WARNING * * *
The bog body freezes you!!
* * * LOW HITPOINT WARNING * * *
Your killer bee barely misses the bog body.
Unknown command.
You closely miss the bog body.
The bog body is heavily damaged.
Your killer bee barely misses the bog body.
The orange demon stings you but does no damage.
The orange demon barely misses you. The bog body touches you!
* * * LOW HITPOINT WARNING * * *
The bog body freezes you!!
You die...
Your body glows with a rainbow of weird colours and disappears.

* *,,*,.♣♣§≈≈≈≈≈...≈.♣ ♣♣.≈≈§.≈♣
* **≈,≈≈≈♣.≈≈≈≈≈≈≈..♣♣ ♣♣≈≈≈≈♣♣ *
**.≈≈≈..§≈≈≈≈≈≈≈.≈♣ ♣♣≈≈§≈♣♣
*,≈≈≈≈§≈≈≈≈≈..≈≈≈<♣♣♣≈...≈♣♣ *
****≈.≈≈≈≈≈≈≈≈≈≈.≈≈≈≈.≈§..≈≈.≈♣ *
,,,**≈.≈≈≈≈≈≈≈≈≈≈≈§≈≈≈≈≈=≈≈≈.≈♣ *
≈≈≈**≈.≈≈≈§♣.....≈≈≈≈§≈≈≈≈≈≈.≈♣**
≈≈≈**♣..≈§≈...§.≈≈≈≈≈≈†.≈≈≈≈≈...≈
≈≈,,,...≈≈≈....y@.≈≈≈.♣.≈≈≈≈§..≈≈
≈≈,,,...(♣.†..≈n4.≈≈≈♣♣♣.≈≈≈..♣♣♣
*≈≈≈,≈≈≈≈♣♣.....≈≈..♣♣*♣...≈♣♣♣**
*≈,≈≈≈≈§≈≈.≈..≈..≈§.♣♣,≈...♣♣ **,
≈≈≈≈≈≈...≈≈≈≈.)..≈.......♣♣♣ **,≈
≈≈≈≈≈≈.≈..≈≈≈..§..≈..≈♣*♣♣ *,≈≈
≈≈*≈,.♣♣♣≈.≈<÷≈≈≈≈≈≈[≈♣**** *,≈≈
≈*******♣.≈.≈.≈§≈≈≈≈..≈≈≈,****≈≈≈
** ****≈♣.≈...≈≈≈≈≈≈§≈≈≈≈≈,,,≈≈≈≈


You could see an orange demon, a bog body (ally target) and a friendly killer
bee (summoned).

Vanquished Creatures
  Rupert (Lair:3)
  Gastronok (Lair:1)
  Kirke (D:15)
  A stone giant (D:15)
  3 bunyips
  6 eleionomae
  A shambling mangrove (Swamp:3)
  Snorg (Lair:4)
  2 boulder beetles
  8 hydras
  A spriggan air mage (Swamp:3)
  2 catoblepae (Lair:6)
  5 ogre magi
  6 alligators
  19 two-headed ogres
  5 centaur warriors
  7 death yaks
  2 tengu warriors (D:15)
  An orc high priest (Orc:1)
  Sonja (D:11)
  Nergalle (Lair:3)
  A fire crab (shapeshifter) (D:14)
  A fire crab (Lair:6)
  4 skeletal warriors
  2 spriggan druids
  2 goliath frogs
  3 deep trolls
  A swamp dragon (Swamp:3)
  7 bog bodies
  A wizard (D:15)
  7 orc knights
  A necromancer (D:15)
  4 wolf spiders
  3 deep elf pyromancers
  An orc sorcerer (D:15)
  4 manticores
  5 cyclopes
  8 ugly things
  12 elephants
  2 will-o-the-wisps
  3 black mambas
  A torpor snail (Lair:4)
  2 gargoyles (D:12)
  10 cane toads
  An orange demon (Swamp:4)
  3 kobold demonologists
  A rime drake (Lair:6)
  4 komodo dragons
  Psyche (D:9)
  An efreet (D:12)
  A tengu conjurer (D:14)
  3 meliai (D:12)
  A merfolk (shapeshifter) (D:13)
  7 hornets
  8 tyrant leeches
  A queen bee (Lair:3)
  A jumping spider (shapeshifter) (D:14)
  15 trolls
  20 blink frogs
  12 slime creatures
  18 dream sheep
  A shadow (Swamp:4)
  2 wraiths
  5 spriggans
  31 yaks
  4 basilisks
  2 wyverns
  4 hogs (D:15)
  7 vampire mosquitoes
  A steam dragon (D:5)
  Edmund (D:6)
  3 wargs (D:10)
  21 swamp worms
  15 water moccasins
  A sky beast (D:6)
  5 black bears
  28 orc warriors
  2 ice beasts (D:7)
  27 ogres
  19 centaurs
  19 wolves
  Blork the orc (D:6)
  6 bullfrogs
  3 kobold brigands
  3 scorpions
  2 water moccasin skeletons
  5 wights (D:10)
  30 killer bees
  5 howler monkeys
  7 electric eels
  7 centaur zombies
  7 centaur skeletons
  3 hounds
  3 jellies
  A bullfrog skeleton (D:4)
  3 iguanas
  18 orc priests
  26 orc wizards
  A killer bee zombie (D:8)
  2 hound skeletons (D:4)
  A howler monkey zombie (D:9)
  6 adders
  A shadow imp (D:8)
  2 white imps
  An ufetubus (D:4)
  2 worms
  5 dart slugs
  71 orcs
  7 ball pythons
  8 bats
  7 endoplasms
  A giant cockroach (D:4)
  7 goblins
  9 hobgoblins
  8 jackals
  23 kobolds
  3 quokkas
  2 frilled lizards
  6 rats
759 creatures vanquished.

Vanquished Creatures (collateral kills)
  A death knight (D:12)
  An orc knight (Orc:1)
  An orc sorcerer (Orc:1)
  2 orc warriors (Orc:1)
  An orc priest (Orc:1)
6 creatures vanquished.

Vanquished Creatures (others)
  A deep troll shaman (Lair:6)
  An ugly thing (D:14)
  2 humans (D:15)
  An orc (D:9)
  4 foxfires (Swamp:4)
  25 fungi
  34 plants
68 creatures vanquished.

Grand Total: 833 creatures vanquished

Notes
Turn   | Place    | Note
-------+----------+-------------------------------------------
     0 | D:1      | Mesmaeker13 the Formicid Fighter began the quest for the
                  | Orb.
     0 | D:1      | Reached XP level 1. HP: 18/18 MP: 1/1
   433 | D:1      | Found Beodoag's Antique Armour Shoppe.
   441 | D:1      | Reached XP level 2. HP: 24/24 MP: 2/2
   550 | D:1      | Found Fil Tut's Weapon Boutique.
   683 | D:1      | Found Ugrypn's Magic Scroll Shop.
   730 | D:1      | Reached XP level 3. HP: 29/29 MP: 3/3
   769 | D:1      | Found Meply's General Store.
  1276 | D:2      | Reached XP level 4. HP: 36/37 MP: 4/4
  1492 | D:2      | Found a faded altar of an unknown god.
  1538 | D:2      | Noticed a scorpion
  1544 | D:2      | Killed a scorpion
  1545 | D:2      | Reached skill level 1 in Evocations
  1545 | D:2      | Reached XP level 5. HP: 42/42 MP: 5/5
  2024 | D:3      | Reached XP level 6. HP: 48/48 MP: 6/6
  2149 | D:3      | You fall into a shaft and drop 2 floors!
  2149 | D:5      | Entered Level 5 of the Dungeon
  2236 | D:5      | Reached skill level 5 in Shields
  2320 | D:5      | Reached XP level 7. HP: 24/55 MP: 7/7
  2359 | D:4      | Noticed a +0 dagger
  2359 | D:4      | Noticed a +0 short sword
  2360 | D:4      | Noticed a +0 short sword
  2368 | D:4      | Noticed a +0 falchion
  2368 | D:4      | Noticed a +0 spear
  2368 | D:4      | Noticed a +0 falchion
  2764 | D:4      | Reached skill level 5 in Fighting
  2902 | D:4      | Noticed a +0 dagger
  2904 | D:4      | Noticed a +0 spear
  2909 | D:4      | Found a hide-covered altar of Uskayaw.
  2944 | D:4      | Found Kanoutuv's General Store.
  3011 | D:5      | Reached skill level 5 in Armour
  3490 | D:5      | Reached XP level 8. HP: 58/62 MP: 8/8
  3795 | D:5      | Noticed a two-headed ogre
  4790 | D:3      | Found Ycibbupeu's General Store.
  5667 | D:6      | Noticed a seven-headed hydra
  5704 | D:5      | You fall into a shaft and drop 2 floors!
  5762 | D:7      | HP: 3/64 [acid (9)]
  5768 | D:7      | Reached skill level 5 in Polearms
  5768 | D:7      | Reached XP level 9. HP: 27/69 MP: 9/9
  6338 | D:7      | Reached skill level 5 in Evocations
  6767 | D:7      | Found a staircase to the Ecumenical Temple.
  6781 | Temple   | Entered the Ecumenical Temple
  6907 | Temple   | Became a worshipper of Nemelex Xobeh the Trickster
  7129 | D:4      | Bought a scroll of brand weapon for 200 gold pieces
  7365 | D:5      | Killed a two-headed ogre
  7366 | D:5      | Reached XP level 10. HP: 42/79 MP: 10/10
  7622 | D:6      | Found Beugakhi's Antique Weapon Boutique.
  8385 | D:8      | Reached skill level 1 in Invocations
  8873 | D:8      | Identified the +0 ring mail "Jicavel" {Rampage Str+6}
  9605 | D:8      | Found a radiant altar of Vehumet.
  9608 | D:8      | Found a bloodstained altar of Trog.
  9613 | D:8      | Found a glowing silver altar of Zin.
  9698 | D:9      | Reached * piety under Nemelex Xobeh
 10172 | D:9      | Noticed Psyche
 10181 | D:9      | Killed Psyche
 10485 | D:10     | Entered Level 10 of the Dungeon
 10509 | D:10     | Found a staircase to the Orcish Mines.
 10661 | D:10     | Reached XP level 11. HP: 55/87 MP: 12/14
 11036 | D:10     | Received a gift from Nemelex Xobeh
 11625 | D:6      | Noticed Blork the orc
 11643 | D:6      | Killed Blork the orc
 12013 | D:6      | Killed a seven-headed hydra
 12014 | D:6      | Reached skill level 5 in Invocations
 12337 | D:6      | Noticed Edmund
 12362 | D:6      | Killed Edmund
 12638 | Orc:1    | Entered Level 1 of the Orcish Mines
 12638 | Orc:1    | Found Hoshuwk's Magic Scroll Shoppe.
 12638 | Orc:1    | Noticed an orc knight
 12735 | D:11     | Reached ** piety under Nemelex Xobeh
 13030 | D:11     | Reached skill level 10 in Shields
 13108 | D:11     | Noticed a two-headed ogre
 13129 | D:11     | Killed a two-headed ogre
 13597 | D:11     | Found a staircase to the Lair.
 13690 | D:11     | Noticed a wolf spider
 13710 | D:11     | Killed a wolf spider
 14012 | D:11     | Noticed a two-headed ogre
 14012 | D:11     | Noticed Sonja
 14028 | D:11     | Killed a two-headed ogre
 14057 | D:11     | Killed Sonja
 14058 | D:11     | Reached XP level 12. HP: 90/97 MP: 16/16
 14427 | Lair:1   | Entered Level 1 of the Lair of Beasts
 14533 | Lair:1   | Identified the +6 long sword of the Traitor {speed, *Noise
                  | +Blink rN+ Str+3}
 14676 | Lair:1   | Reached skill level 10 in Fighting
 14688 | Lair:1   | Reached skill level 10 in Armour
 14775 | Lair:1   | Noticed Gastronok
 14798 | Lair:1   | Killed Gastronok
 16199 | Lair:2   | Reached XP level 13. HP: 104/104 MP: 19/19
 16394 | Lair:2   | Received a gift from Nemelex Xobeh
 16704 | Lair:3   | Noticed Nergalle
 16854 | Lair:3   | Noticed Rupert
 17299 | Lair:3   | Killed Rupert
 17300 | Lair:3   | Reached skill level 10 in Polearms
 17435 | Lair:3   | Killed Nergalle
 18005 | Lair:3   | Reached *** piety under Nemelex Xobeh
 18476 | Lair:4   | Noticed Snorg
 18491 | Lair:4   | Killed Snorg
 19143 | Lair:4   | Found a hole to the Spider Nest.
 19294 | Lair:4   | Received a gift from Nemelex Xobeh
 19641 | Lair:4   | Reached skill level 10 in Invocations
 19694 | Lair:4   | Reached XP level 14. HP: 84/114 MP: 15/21
 19976 | Lair:4   | Found a staircase to the Swamp.
 20474 | Lair:5   | Reached **** piety under Nemelex Xobeh
 20474 | Lair:5   | Received a gift from Nemelex Xobeh
 20548 | Lair:5   | Identified the +1 flail of Neistruust {vorpal, rPois rCorr
                  | Dex-5}
 21133 | Lair:6   | Entered Level 6 of the Lair of Beasts
 21606 | Lair:6   | Found a shimmering altar of Xom.
 21906 | Lair:6   | Received a gift from Nemelex Xobeh
 22603 | Lair:6   | Found a viscous altar of Jiyva.
 22603 | Lair:6   | Found a staircase to the Slime Pits.
 23385 | Lair:6   | Reached XP level 15. HP: 100/122 MP: 12/23
 25832 | Orc:1    | Received a gift from Nemelex Xobeh
 26060 | Orc:2    | Entered Level 2 of the Orcish Mines
 26335 | Orc:2    | Found Viuh's Weapon Shoppe.
 26445 | Orc:1    | Received a gift from Nemelex Xobeh
 26800 | Orc:2    | Found a staircase to the Elven Halls.
 27354 | Orc:2    | Received a gift from Nemelex Xobeh
 27898 | Orc:2    | Found Haox's Magic Scroll Shoppe.
 28092 | Orc:2    | Found Tawang's Assorted Antiques.
 28094 | Orc:2    | Found Xieqih Saic's Book Boutique.
 28105 | Orc:2    | Found Zintohokh's Jewellery Emporium.
 28553 | D:12     | Found Newigoca's Armour Emporium.
 28561 | D:12     | Bought the +1 pair of gloves "Ixkion Doe" {rCorr Int-4
                  | Dex+2} for 322 gold pieces
 28661 | D:12     | Reached XP level 16. HP: 132/132 MP: 25/25
 28806 | D:12     | Received a gift from Nemelex Xobeh
 28949 | D:12     | Reached ***** piety under Nemelex Xobeh
 29208 | D:12     | Received a gift from Nemelex Xobeh
 29317 | D:12     | Found a runed translucent gate.
 29317 | D:12     | Found a runed translucent gate.
 29317 | D:12     | Found a runed translucent gate.
 29318 | D:12     | Noticed wakim's ghost (journeyman DjCj)
 29483 | D:12     | Found the +9 staff of Olgreb {rPois∞}
 30001 | D:13     | Found Ulliguvel's Assorted Antiques.
 31105 | D:13     | Found a gate to the Vaults.
 31674 | D:14     | Received a gift from Nemelex Xobeh
 32168 | D:15     | Entered Level 15 of the Dungeon
 32410 | D:15     | Noticed Kirke
 32922 | D:15     | Received a gift from Nemelex Xobeh
 32981 | D:15     | Killed Kirke
 33349 | D:15     | Reached XP level 17. HP: 125/140 MP: 23/26
 33404 | D:15     | Found a stormy altar of Qazlal.
 33415 | D:15     | Found a portal to a secret trove of treasure.
 33490 | D:15     | Found a staircase to the Depths.
 33779 | D:15     | Received a gift from Nemelex Xobeh
 34512 | Swamp:1  | Entered Level 1 of the Swamp
 34773 | Swamp:1  | Reached skill level 15 in Fighting
 34773 | Swamp:1  | Reached skill level 15 in Armour
 34917 | Swamp:1  | Received a gift from Nemelex Xobeh
 35913 | Swamp:2  | Received a gift from Nemelex Xobeh
 36235 | Swamp:2  | Reached ****** piety under Nemelex Xobeh
 36706 | Swamp:3  | Found a runed translucent gate.
 36706 | Swamp:3  | Found a runed translucent gate.
 36706 | Swamp:3  | Found a runed translucent gate.
 37077 | Swamp:3  | Noticed Boczoxzokh's ghost (journeyman DDFi)
 37840 | Swamp:3  | Received a gift from Nemelex Xobeh
 38530 | Swamp:4  | Entered Level 4 of the Swamp
 38638 | Swamp:4  | Reached skill level 10 in Evocations
 39468 | Swamp:4  | Mangled by a bog body

Illustrated notes

Levels and vault maps discovered:
D:1:      dpeg_arrival_leaves_temple_mockup, layout_loops_ring, serial_shops,
          nicolae_shop_trees, shop_statue, shop, nicolae_shop_overgrown_old_shop
D:2:      layout_loops_cross, basic_ecumenical_altar
D:3:      layout_loops_ring, serial_shops, shop, st_stairs_2
D:4:      minmay_bubble_buster, layout_rooms, nicolae_uskayaw_en_pointe,
          serial_shops, nicolae_shop_competitors_out_of_business
D:5:      layout_loops_ring, minmay_hedge_maze
D:6:      layout_basic, serial_shops, shop_statue,
          minmay_misc_feat_more_columns, minivault_4, uniq_edmund,
          uniq_blork_the_orc
D:7:      layout_rooms, minmay_temple_entry_junction, serial_aquarium,
          aquarium_bridge_square [aquarium_subvault_wall,
          aquarium_subvault_bridge, aquarium_subvault_bridge,
          aquarium_subvault_bridge], aquarium_bridge_long_separate
          [aquarium_subvault_balcony, aquarium_subvault_bridge,
          aquarium_subvault_window, aquarium_subvault_wall,
          aquarium_subvault_bridge, aquarium_subvault_bridge],
          aquarium_window_1, aquarium_window_corridor_2, aquarium_window_corner,
          aquarium_window_fake, aquarium_view_2e, aquarium_balcony_1b
D:8:      layout_cave_pools, grunt_temple_overflow_diamond, special_room
          [special_room_orc]
D:9:      layout_cave_pools, uniq_psyche
D:10:     layout_loops_ring, orc_0_dummy
D:11:     layout_basic, david_lair_generic, corexii_corridor_pit, uniq_sonja
D:12:     minmay_open_boxes_in_corner, layout_basic, serial_shops, shop,
          gammafunk_ghost_necromancy
D:13:     layout_cave_pools, hangedman_vaults_entry_quadrant_bands,
          serial_shops, kennysheep_little_box
D:14:     layout_basic, hex_intersection
D:15:     hangedman_depths_entry_civil_slaughter, layout_cave_pods,
          enter_trove_2, nicolae_qazlal_scattered_showers, uniq_kirke
Temple:   compressed_dpeg_circular_temple
Lair:1:   layout_roguey, gauntlet_entry_generic, lemuel_fruit_tree,
          grunt_megastairs_3, uniq_gastronok
Lair:2:   layout_cave_pods, minmay_lair_oklob_chamber
Lair:3:   layout_hall_layers, special_room [special_room_bee],
          chequers_serial_rivers_micro_d, serial_bayou_shore_a,
          grunt_megastairs_1, serial_bayou_shore_b, uniq_nergalle, uniq_rupert
Lair:4:   layout_long_grid, nicolae_swamp_entry_splash_gauntlet,
          spider_nest_entry_web_field, minivault_24, minivault_23, uniq_snorg
Lair:5:   layout_hall_layers
Lair:6:   grunt_lair_end_beastmaster, layout_misc_corridors,
          dpeg_slime_entry_enclosed_altar, chequers_serial_rivers_micro_a,
          lemuel_centaur_altar, infiniplex_staircase_pool_2
Swamp:1:  layout_falls_marsh, evilmike_swamp_ruin_house_3
Swamp:2:  layout_basic_swamp, evilmike_swamp_ruin_house_5
Swamp:3:  layout_basic_swamp, gammafunk_ghost_necromancy,
          hangedman_swamp_ruin_hall, swamp_pool2
Swamp:4:  swamp_vile, layout_basic_swamp, swamp_pool4
Orc:1:    layout_caves, serial_shops, shop, basic_altar, special_room
          [special_room_orc]
Orc:2:    st_orc_open, layout_diamond_mine, serial_shops, shop

Skill      XL: |  1  2  3  4  5  6  7  8  9 10 11 12 13 14 15 16 17 |
---------------+----------------------------------------------------+-----
Shields        | 4 5 6 7 9 10 11 12 | 12.7
Fighting       | 4 5 6 7 8 9 10 11 12 13 14 15 | 15.6
Armour         | 4 5 6 7 8 9 10 11 12 13 14 15 | 15.6
Evocations     | 1 2 3 4 5 6 8 10 | 10.3
Polearms       | 3 4 5 6 7 8 9 10 11 12 13 14 | 14.3
Invocations    | 4 6 8 10 11 13 | 13.0

Action                   |  1- 3 |  4- 6 |  7- 9 | 10-12 | 13-15 | 16-18 || total
-------------------------+-------+-------+-------+-------+-------+-------++-------
Melee: Trident           |    19 |       |   166 |  1117 |  2203 |  1179 ||  4684
       Dagger            |    80 |   118 |   246 |       |       |       ||   444
       Bardiche          |       |       |       |       |       |   196 ||   196
Throw: Dart              |       |       |    11 |       |     6 |     4 ||    21
Invok: Draw Summoning    |       |       |       |       |       |     2 ||     2
       Draw Destruction  |       |       |       |       |       |     1 ||     1
 Abil: Shaft Self        |       |       |     1 |       |       |       ||     1
       Dig               |       |       |       |     3 |    11 |       ||    14
Evoke: Wand              |       |     2 |     7 |    13 |    54 |    20 ||    96
       Condenser vane    |       |       |       |       |       |     2 ||     2
  Use: Potion            |       |       |     2 |       |     2 |     1 ||     5
       Scroll            |       |       |    10 |     8 |     6 |    12 ||    36
 Stab: Paralysed         |       |       |       |       |    19 |     7 ||    26
       Petrified         |       |       |       |       |     7 |       ||     7
Armor: Scale mail        |    38 |    33 |    50 |       |       |       ||   121
       Chain mail        |       |       |   103 |   426 |   613 |   546 ||  1688
       Skin              |       |       |       |     6 |       |       ||     6
Dodge: Dodged            |    34 |    25 |   111 |   253 |   503 |   300 ||  1226
Block: Kite shield       |    38 |    55 |   213 |   605 |  1088 |   740 ||  2739

Table legend: (Time is in decaauts)
 A = Elapsed time spent in this place.
 B = Non-inter-level travel time spent in this place.
 C = Inter-level travel time spent in this place.
 D = Time resting spent in this place.
 E = Time spent auto-exploring this place.
 F = Levels seen in this place.
 G = Mean time per level.
                   A        B        C        D        E       F      G
               +--------+--------+--------+--------+--------+-----+--------+
         Total |  38797 |  36748 |   2049 |   9375 |  18866 |  28 | 1385.6 |
       Dungeon |  21425 |  20258 |   1167 |   5410 |  10783 |  15 | 1428.3 |
        Temple |    159 |    113 |     46 |      0 |    100 |   1 |  159.0 |
          Lair |   9560 |   8963 |    597 |   1562 |   5196 |   6 | 1593.3 |
         Swamp |   4712 |   4600 |    112 |   1821 |   1653 |   4 | 1178.0 |
  Orcish Mines |   2939 |   2813 |    126 |    582 |   1133 |   2 | 1469.5 |
               +--------+--------+--------+--------+--------+-----+--------+

Top non-repeatable levels by time:
 Swamp:3: 2414 daAuts
  Lair:6: 2371 daAuts
    D:10: 2358 daAuts
    D:11: 2169 daAuts
     D:5: 2046 daAuts
   Orc:2: 1941 daAuts
    D:15: 1911 daAuts
     D:6: 1810 daAuts
     D:7: 1736 daAuts
  Lair:4: 1721 daAuts
  Lair:1: 1609 daAuts
    D:12: 1551 daAuts
  Lair:2: 1350 daAuts
     D:4: 1324 daAuts
  Lair:3: 1296 daAuts
